 Dungeon Crawl Stone Soup version 0.31-a0-145-g046c7d2549 (webtiles) character file.

Game seed: 4386851190584671381

466 qw the Skirmisher (level 6, -5/50 (52) HPs)
             Began as a Minotaur Hunter on June 7, 2023.
             Slain by a gnoll
             ... wielding a +1 whip of draining
             ... led by a gnoll sergeant
              (6 damage)
             ... on level 5 of the Dungeon.
             The game lasted 00:01:41 (3658 turns).

qw the Skirmisher (Minotaur Hunter)                 Turns: 3658, Time: 00:01:42

HP:   -5/50 (52)    AC:  5    Str: 15    XL:     6   Next: 81%
MP:   5/5           EV: 11    Int:  6    God:
Gold: 268           SH:  0    Dex: 16    Spells: 5/5 levels left

rFire   . . .        Y - +0 shortbow
rCold   . . .        (shield currently unavailable)
rNeg    . . .        k - +0 ring mail
rPois   +            (helmet restricted)
rElec   .            (no cloak)
rCorr   .            (no gloves)
SInv    .            (no boots)
Will    .....        (no amulet)
Stlth   +            f - ring of poison resistance
HPRegen 0.28/turn    (no ring)
MPRegen 0.09/turn

%: no passive effects
@: lightly drained
A: horns 2, retaliatory headbutt
a: no special abilities


You were on level 5 of the Dungeon.
You visited 1 branch of the dungeon, and saw 5 of its levels.
You also visited: Sewer.

You collected 268 gold pieces.


Innate Abilities, Weirdness & Mutations

You have a pair of horns on your head.
You reflexively headbutt those who attack you in melee.


   Skills:
 + Level 4.1 Fighting
 - Level 8.3 Ranged Weapons
 - Level 1.2 Armour
 - Level 2.1 Dodging
 - Level 0.7 Stealth


You had 5 spell levels left.
You didn't know any spells.
Your spell library was empty.

Inventory:

Hand Weapons
 Y - a +0 shortbow (weapon)
Armour
 k - a +0 ring mail (worn)
Jewellery
 f - a ring of poison resistance (left hand)
Scrolls
 a - 3 scrolls of identify
Potions
 c - a potion of resistance
 g - a potion of haste

Dungeon Overview and Level Annotations

Branches:
Dungeon (5/15)              Sewer (visited)
 Temple: D:4-7

Altars:

Annotations:
D:4 1 runed translucent door, Crazy Yiuf


Message History

The phantom is almost destroyed.
The gnoll closely misses you.
The gnoll sergeant hits you with a +0 trident!
The phantom hits you but does no damage.
You shoot an arrow. The arrow closely misses the phantom.
The phantom hits you but does no damage.
The gnoll hits you with a +1 whip of draining.
You feel drained.
The gnoll sergeant hits you with a +0 trident.
You shoot an arrow. The arrow closely misses the phantom.
The gnoll hits you with a +0 club. The gnoll closely misses you.
The phantom hits you.
The phantom blinks!
You blink.
You shoot an arrow. The arrow hits the phantom.
The phantom is almost destroyed.
The phantom hits you.
3653 ||| DRINKING potion of heal wounds.
You feel much better.
The phantom hits you but does no damage.
The gnoll sergeant closely misses you.
You shoot an arrow. The arrow barely misses the phantom.
A gnoll comes into view. It is wielding a +0 club.
The phantom barely misses you.
The gnoll sergeant hits you from afar with a +0 trident!
You shoot an arrow. The arrow hits the phantom.
You destroy the phantom!
The gnoll sergeant barely misses you.
The gnoll reads a scroll.
Wisps of shadow swirl around the gnoll.
The gnoll barely misses you.
Your Ranged Weapons skill increases to level 8!
You shoot an arrow. The arrow barely misses the gnoll.
The gnoll hits you with a +0 club. The gnoll sergeant closely misses you.
The gnoll hits you with a +1 whip of draining.
You feel drained.
You shoot an arrow. The arrow hits the gnoll.
You kill the gnoll!
The gnoll sergeant hits you from afar with a +0 trident.
You shoot an arrow. The arrow hits the gnoll.
The gnoll is moderately wounded.
The gnoll sergeant hits you from afar with a +0 trident.
The gnoll hits you with a +1 whip of draining.
You die...

# .# #.# .#
###.# #.#
##..###..
##.g..#.#
#####gg!...#
#$..@g.....#
#.###..>..##
##.<.##
##.## #.#
#.# ##
#.####...##
#..<.......
######...##


You could see a gnoll sergeant and 3 gnolls.

Vanquished Creatures
  A phantom (D:5)
  A bullfrog (Sewer)
  A howler monkey (D:4)
  A hound (D:4)
  5 adders
  4 gnolls
  11 dart slugs
  6 orcs (D:3)
  15 ball pythons
  6 bats
  15 endoplasms
  15 giant cockroaches
  5 goblins
  8 hobgoblins
  7 jackals
  14 quokkas
  9 frilled lizards
  10 kobolds
  8 rats
142 creatures vanquished.

Notes
Turn   | Place    | Note
-------+----------+-------------------------------------------
     0 | D:1      | qw the Minotaur Hunter began the quest for the Orb.
     0 | D:1      | Reached XP level 1. HP: 18/18 MP: 0/0
     0 | D:1      | 0 ||| qw: Version: 0.2-a-117-gc6b5c8b
     0 | D:1      | 0 ||| qw: Game counter: 2477
     0 | D:1      | 0 ||| qw: Always use a shield: true
     0 | D:1      | 0 ||| qw: God list: Okawaru
     0 | D:1      | 0 ||| qw: Allow faded altars: false
     0 | D:1      | 0 ||| qw: Do Orc after D:15 true
     0 | D:1      | 0 ||| qw: Do second Lair branch before Depths: true
     0 | D:1      | 0 ||| qw: Lair rune preference: random
     0 | D:1      | 0 ||| qw: Plans: Normal
     0 | D:1      | 0 ||| PLANNING D:1-11
    68 | D:1      | Reached XP level 2. HP: 24/25 MP: 1/1
    92 | D:1      | Reached skill level 5 in Ranged Weapons
   206 | D:1      | Reached skill level 3 in Fighting
   314 | D:1      | Reached XP level 3. HP: 31/31 MP: 2/2
   672 | D:1      | 672 ||| UPGRADING to ring of poison resistance.
   673 | D:1      | 673 ||| READING 2 scrolls labelled HOERAM LEINUMP.
   674 | D:1      | 674 ||| READING scroll labelled FEKHEM NAIRE.
   675 | D:1      | 675 ||| DROPPING scroll of butterflies.
  1261 | D:2      | 1261 ||| READING 2 scrolls labelled YFIESI UKLE.
  1262 | D:2      | 1262 ||| READING scroll labelled LOYF WACSEGEO.
  1266 | D:2      | 1266 ||| DROPPING scroll of vulnerability.
  1283 | D:3      | 1283 ||| PLANNING SEWER
  1283 | D:3      | 1283 ||| Stepping ~*~*~tactically~*~*~ (outnumbered).
  1286 | D:3      | 1286 ||| Stepping ~*~*~tactically~*~*~ (outnumbered).
  1287 | D:3      | 1287 ||| Stepping ~*~*~tactically~*~*~ (outnumbered).
  1289 | D:3      | 1289 ||| STAIRDANCE
  1314 | D:3      | Reached XP level 4. HP: 31/38 MP: 3/3
  1314 | D:3      | 1314 ||| STAIRDANCE
  1342 | D:3      | Reached skill level 6 in Ranged Weapons
  1350 | D:3      | 1350 ||| Stepping ~*~*~tactically~*~*~ (outnumbered).
  1352 | D:3      | 1352 ||| STAIRDANCE
  1370 | D:3      | 1370 ||| Stepping ~*~*~tactically~*~*~ (outnumbered).
  1382 | D:3      | 1382 ||| FLEEEEING.
  1383 | D:3      | 1383 ||| STAIRDANCE
  1398 | D:2      | 1398 ||| DRINKING 2 pink potions.
  1669 | D:3      | 1669 ||| Stepping ~*~*~tactically~*~*~ (water).
  1669 | D:3      | Found a glowing drain.
  1674 | D:3      | 1674 ||| UPGRADING to +0 ring mail.
  1684 | D:3      | 1684 ||| DROPPING +0 leather armour.
  1685 | D:3      | 1685 ||| READING scroll labelled LAUMPUTRAL.
  1786 | D:3      | 1786 ||| READING 3 scrolls of identify.
  1786 | D:3      | 1786 ||| IDENTIFYING smoky yellow potion
  1787 | D:3      | 1787 ||| READING 2 scrolls of identify.
  1787 | D:3      | 1787 ||| IDENTIFYING smoky dark potion
  1788 | D:3      | 1788 ||| DROPPING potion of attraction.
  1789 | D:3      | 1789 ||| DROPPING potion of magic.
  1797 | Sewer    | Entered a sewer
  1840 | Sewer    | Reached XP level 5. HP: 46/46 MP: 4/4
  1853 | Sewer    | Reached skill level 1 in Armour
  1930 | Sewer    | 1930 ||| Stepping ~*~*~tactically~*~*~ (water).
  1957 | Sewer    | 1957 ||| Stepping ~*~*~tactically~*~*~ (water).
  2039 | Sewer    | 2039 ||| Stepping ~*~*~tactically~*~*~ (water).
  2067 | Sewer    | Reached skill level 7 in Ranged Weapons
  2126 | Sewer    | 2126 ||| READING scroll labelled LUWOEJ IRGHOAKA.
  2141 | D:3      | 2141 ||| PLANNING D:1-11
  2662 | D:3      | 2662 ||| READING scroll labelled GUWUGUP TIOD.
  2663 | D:3      | 2663 ||| READING 2 scrolls of identify.
  2663 | D:3      | 2663 ||| IDENTIFYING coppery potion
  2721 | D:4      | Reached XP level 6. HP: 47/52 MP: 5/5
  2761 | D:4      | HP: 13/52 [gnoll/+0 spear (1)]
  2762 | D:4      | 2762 ||| READING scroll of teleportation.
  2784 | D:4      | HP: 13/52 [howler monkey (3)]
  3033 | D:4      | Found a runed translucent door.
  3034 | D:4      | Noticed Crazy Yiuf
  3599 | D:4      | 3599 ||| DROPPING amulet of magic regeneration.
  3600 | D:4      | 3600 ||| READING scroll labelled TESEICH COIGU.
  3601 | D:4      | 3601 ||| DRINKING 2 lumpy white potions.
  3609 | D:4      | 3609 ||| DRINKING 2 inky potions.
  3610 | D:4      | 3610 ||| READING 4 scrolls of identify.
  3610 | D:4      | 3610 ||| IDENTIFYING glowing orange potion
  3611 | D:4      | 3611 ||| DROPPING potion of ambrosia.
  3612 | D:4      | 3612 ||| DROPPING potion of brilliance.
  3630 | D:5      | Entered Level 5 of the Dungeon
  3631 | D:5      | 3631 ||| PLANNING OSSUARY
  3652 | D:5      | HP: 11/47 [phantom (2)]
  3653 | D:5      | 3653 ||| DRINKING potion of heal wounds.
  3656 | D:5      | Reached skill level 8 in Ranged Weapons
  3657 | D:5      | HP: 5/49 [gnoll sergeant/+0 trident (6)]
  3658 | D:5      | HP: 1/50 [gnoll sergeant/+0 trident (5)]
  3658 | D:5      | Slain by a gnoll

Levels and vault maps discovered:
D:1:      dpeg_arrival_rooms_a, layout_loops_ring
D:2:      layout_loops_ring
D:3:      kennysheep_slugbush, layout_basic, gup_sewer_entry_pipe
D:4:      layout_basic, uniq_crazy_yiuf_cottage
D:5:      layout_loops_ring, gup_ossuary_entry_pyramid

Skill      XL: |  1  2  3  4  5  6 |
---------------+-------------------+-----
Ranged Weapons | 5 6 7 8 |  8.3
Fighting       | 3 4 |  4.1
Armour         | 1 |  1.2
Dodging        | |  2.1
Stealth        | |  0.7

Action                     |  1- 3 |  4- 6 || total
---------------------------+-------+-------++-------
   Fire: Shortbow          |   122 |   267 ||   389
    Use: Scroll            |     4 |     9 ||    13
         Potion            |       |     4 ||     4
 Armour: Leather armour    |    12 |     8 ||    20
         Ring mail         |       |    28 ||    28
  Dodge: Dodged            |    24 |    86 ||   110

Table legend:
 A = Non-vault XP
 B = Vault XP
 C = Vault XP percentage of total XP
 D = Non-vault monster count
 E = Vault monster count
 F = Vault count percentage of total count
                 A         B        C        D         E       F
            +---------+---------+-------+---------+---------+-------
      Total |     453 |     213 |  32.0 |      92 |      50 |  35.2
            +---------+---------+-------+---------+---------+-------
        D:1 |      54 |       0 |   0.0 |      33 |       0 |   0.0
        D:2 |      36 |       0 |   0.0 |      14 |       0 |   0.0
        D:3 |      76 |      42 |  35.6 |      28 |      14 |  33.3
        D:4 |     165 |       0 |   0.0 |      15 |       0 |   0.0
        D:5 |     122 |       0 |   0.0 |       2 |       0 |   0.0
      Sewer |       0 |     171 | 100.0 |       0 |      36 | 100.0
            +---------+---------+-------+---------+---------+-------
